Map: Winter's Gate LE

Players

Neeb - Winner!

  • Race: Protoss Protoss
  • League: Master
  • Spawn Location: 5:00

thermostaat (uThermal)

  • Race: Terran Terran
  • Spawn Location: 11:00

Event: NationWars 2019

VOD

Have the link to the VOD?

Description

Time

  • Played on: Nov. 16, 2019, 4:01 p.m.
  • Length: 10:02

All games in this series

Show
View Real Time Build Order
Export as new Build Order

Neeb Protoss - Winner!

Build Orders: 1 Gate Expand, Colossus Rush 

Get SALT Encoding   

  12  0:00  Probe  
  13  0:12  Probe  
  14  0:16  Pylon  
  14  0:24  Probe (Chrono Boost)  
  16  0:36  Gateway  
  16  0:37  Probe (Chrono Boost)  
  16  0:43  Probe (Chrono Boost)  
  16  0:46  Assimilator  
  17  0:51  Probe  
  18  1:03  Probe  
  19  1:15  Probe  
  20  1:22  Nexus  
  20  1:31  Cybernetics Core  
  20  1:35  Probe  
  21  1:40  Assimilator  
  21  1:47  Probe  
  21  1:50  Pylon  
  22  1:59  Probe (Chrono Boost)  
  23  2:05  Adept (Chrono Boost)  
  23  2:10  Probe (Chrono Boost)  
  23  2:12  Robotics Facility  
  26  2:15  Probe (Chrono Boost)  
  26  2:20  Warp Gate  
  27  2:25  Probe  
  27  2:29  Stalker  
  30  2:34  Probe (Chrono Boost)  
  31  2:43  Probe (Chrono Boost)  
  33  2:45  Probe (Chrono Boost)  
  33  2:50  Probe (Chrono Boost)  
  33  2:51  Probe (Chrono Boost)  
  35  2:59  Observer  
  35  3:00  Probe  
  35  3:02  Probe, Sentry  
  40  3:12  Probe, Gateway x2  
  41  3:14  Probe  
  42  3:21  Observer  
  42  3:22  Pylon  
  42  3:24  Probe (Chrono Boost)  
  45  3:31  Probe (Chrono Boost)  
  46  3:35  Pylon, Probe (Chrono Boost)  
  46  3:40  Probe (Chrono Boost)  
  46  3:41  Probe (Chrono Boost)  
  47  3:43  Observer  
  47  3:47  Nexus  
  49  3:51  Probe  
  49  3:52  Probe  
  51  3:57  Assimilator  
  51  3:59  Assimilator  
  51  4:03  Probe  
  51  4:04  Probe  
  51  4:06  Pylon  
  54  4:10  Stalker x2  
  54  4:16  Robotics Bay  
  57  4:17  Probe  
  57  4:21  Probe  
  59  4:26  Pylon  
  59  4:27  Stalker, Pylon  
  59  4:31  Probe  
  62  4:33  Probe  
  62  4:36  Observer  
  64  4:43  Probe  
  64  4:45  Probe  
  66  4:46  Stalker x2  
  69  4:55  Probe  
  69  4:57  Probe  
  71  5:03  Observer  
  71  5:04  Colossus (Chrono Boost)  
  71  5:06  Probe  
  72  5:07  Probe  
  72  5:11  Probe  
  72  5:12  Stalker x2, Zealot  
  86  5:17  Forge  
  86  5:19  Probe  
  87  5:21  Twilight Council  
  87  5:24  Probe  
  88  5:30  Probe  
  88  5:31  Probe  
  88  5:33  Pylon  
  90  5:36  Probe  
  90  5:38  Extended Thermal Lance  
  90  5:40  Pylon  
  90  5:41  Protoss Ground Weapons Level 1 (Chrono Boost)  
  91  5:54  Photon Cannon  
  90  6:07  Colossus (Chrono Boost)  
  90  6:08  Pylon  
  90  6:09  Charge, Nexus, Probe x2  
  90  6:10  Pylon  
  98  6:14  Stalker  
  98  6:16  Zealot  
  98  6:17  Zealot  
  104  6:43  Gateway x2  
  104  6:46  Gateway  
  104  6:47  Gateway  
  104  6:50  Gateway  
  104  6:54  Sentry, Zealot x2  
  108  6:55  Colossus (Chrono Boost)  
  108  6:57  Probe x2  
  108  6:58  Probe  
  108  7:00  Pylon  
  119  7:01  Pylon  
  119  7:09  Probe x2  
  119  7:10  Probe  
  119  7:11  Forge  
  122  7:18  Zealot x3  
  122  7:21  Probe x2  
  122  7:22  Protoss Ground Armor Level 1 (Chrono Boost)  
  130  7:30  Gateway  
  130  7:31  Gateway  
  130  7:34  Gateway  
  130  7:35  Protoss Ground Weapons Level 2 (Chrono Boost)  
  130  7:36  Templar Archives  
  133  7:39  Zealot x5  
  133  7:43  Zealot x2  
  144  7:48  Zealot  
  144  7:50  Blink  
  146  7:53  Shield Battery  
  146  7:55  Shield Battery  
  146  8:02  Zealot x5  
  155  8:12  Colossus (Chrono Boost)  
  137  8:23  Zealot  
  137  8:24  Zealot x8  
  133  8:28  Zealot x2  
  127  8:34  Probe  
  127  8:35  Probe x2  
  127  8:39  Probe  
  129  8:44  Observer, Assimilator  
  129  8:45  Assimilator  
  129  8:46  Assimilator x2  
  129  8:47  Probe x3, Sentry x2, Zealot x3  
  142  8:51  Probe  
  143  8:56  Zealot  
  143  8:57  Zealot x4  
  143  9:00  Observer (Chrono Boost)  
  143  9:01  Zealot  
  157  9:17  Pylon  
  157  9:20  Immortal  
  158  9:25  Zealot x3  
  156  9:31  Pylon  
  156  9:32  Pylon  
  156  9:33  Pylon x2  
  156  9:34  Zealot x3  
  156  9:36  Pylon  
  148  9:42  Stalker  
  148  9:43  Stalker x4  
  148  9:49  Zealot x2  
Show
View Real Time Build Order
Export as new Build Order

thermostaat Terran 

Build Orders: Reaper Expand 

Get SALT Encoding   

  12  0:01  SCV  
  13  0:13  SCV  
  14  0:16  Supply Depot  
  14  0:25  SCV  
  15  0:38  SCV  
  15  0:39  Barracks  
  16  0:43  Refinery  
  16  0:50  SCV  
  17  1:02  SCV  
  18  1:14  SCV  
  19  1:26  Orbital Command, Reaper  
  20  1:42  Command Center  
  20  1:53  SCV  
  20  1:54  Supply Depot  
  21  1:58  Marine  
  22  2:05  SCV  
  23  2:13  Factory  
  23  2:15  Refinery  
  23  2:17  SCV  
  23  2:20  Barracks Reactor  
  24  2:29  SCV  
  25  2:42  SCV  
  26  2:53  Orbital Command  
  26  2:56  Bunker, Marine  
  26  2:57  Marine  
  26  2:58  Widow Mine, Starport  
  30  3:00  SCV  
  32  3:12  SCV  
  32  3:14  Marine x2  
  32  3:18  SCV  
  37  3:20  Widow Mine  
  37  3:25  SCV  
  38  3:30  SCV, Supply Depot  
  38  3:32  Marine x2  
  38  3:33  Medivac  
  43  3:37  SCV  
  43  3:41  Factory Tech Lab, Refinery  
  44  3:43  SCV  
  45  3:49  SCV  
  45  3:53  Marine x2  
  45  3:55  SCV, Supply Depot  
  49  4:01  SCV  
  50  4:07  SCV  
  50  4:08  Factory Tech Lab  
  50  4:09  Raven  
  53  4:10  Marine  
  53  4:16  Supply Depot  
  54  4:17  SCV, Marine  
  54  4:19  SCV  
  57  4:29  SCV  
  57  4:30  Command Center  
  58  4:34  Siege Tank  
  58  4:38  SCV  
  62  4:39  Marine  
  62  4:40  Supply Depot  
  62  4:44  Marine  
  64  4:46  SCV  
  64  4:50  SCV  
  66  4:57  Barracks  
  66  4:58  Barracks, SCV, Marine  
  68  5:02  SCV, Marine  
  68  5:06  Siege Tank  
  73  5:10  SCV  
  73  5:14  Starport Reactor  
  74  5:16  SCV  
  74  5:17  Engineering Bay x2, Marine  
  74  5:20  Marine  
  77  5:23  SCV  
  77  5:26  Supply Depot  
  78  5:32  SCV  
  79  5:36  Barracks x2  
  79  5:42  Orbital Command  
  79  5:47  Stimpack  
  79  5:48  Marauder  
  79  5:49  Terran Infantry Armor Level 1  
  81  5:50  Factory Reactor  
  81  5:55  Terran Infantry Weapons Level 1  
  81  5:56  Marauder  
  81  5:57  Marine  
  83  5:58  Marine  
  83  6:00  Combat Shield  
  85  6:05  Medivac  
  85  6:09  Medivac, Refinery  
  89  6:14  Marine  
  89  6:15  Supply Depot  
  90  6:20  Marauder, Marine  
  90  6:24  Barracks Tech Lab x2  
  91  6:27  Widow Mine x2  
  91  6:31  Supply Depot, Marine  
  96  6:39  Supply Depot  
  96  6:40  SCV x2  
  96  6:41  Orbital Command  
  96  6:42  Marauder  
  96  6:43  Marauder  
  96  6:45  Concussive Shells  
  96  6:46  Marine  
  101  6:49  Marauder  
  101  6:52  Marine  
  101  6:53  Marauder  
  101  6:54  Supply Depot  
  106  7:00  Medivac  
  108  7:02  Supply Depot  
  108  7:03  Marauder  
  108  7:04  Marine  
  108  7:05  Marauder  
  108  7:06  Medivac  
  115  7:10  Marine  
  115  7:11  Marauder  
  115  7:15  Marauder  
  120  7:16  Supply Depot  
  120  7:19  Widow Mine x2  
  120  7:22  Marine  
  125  7:24  Marine  
  125  7:27  Supply Depot  
  125  7:29  SCV  
  127  7:31  Medivac  
  127  7:33  Marauder, Marine  
  127  7:34  Marine  
  127  7:35  SCV  
  127  7:37  Marauder  
  136  7:41  Marine  
  136  7:42  Supply Depot, Marauder  
  139  7:47  Supply Depot  
  139  7:49  Medivac  
  139  7:50  Marine  
  142  7:55  Marauder  
  142  7:56  Marauder  
  142  7:58  Marauder  
  148  7:59  Supply Depot, Marine  
  148  8:04  Marauder  
  150  8:08  Marine  
  151  8:16  Marine  
  151  8:17  Marauder, Marine  
  151  8:19  Marauder  
  144  8:25  Marauder  
  144  8:26  Marine  
  130  8:30  Widow Mine  
  130  8:34  Widow Mine  
  128  8:35  Marauder, Marine  
  128  8:38  Marauder  
  128  8:40  Marine  
  129  8:43  Viking x2  
  129  8:44  Marine  
  129  8:46  Marauder  
  132  8:53  Marine  
  133  8:56  Marauder  
  133  8:59  Marauder, Marine  
  133  9:02  Marine  
  139  9:08  Marauder  
  141  9:10  Marine  
  141  9:17  Marauder, Marine  
  141  9:19  Marine x2  
  146  9:28  Marine  
  146  9:29  Marine  
  135  9:36  Marine  
Tags
 
Add a new tag
Caveats
  • Supply blocks, unpowered buildings, or Contaminate may cause inaccurate times.
  • Supply counts are checked every 10 seconds.